Match 47349401
Unlisted

Match 47349401
End
Selects Australian Defense Battlegroup
Selects Australian Light Infantry Section
Australian Light Infantry Section
Construct Section Command Post
Dingo Light Scout Car
Australian Light Infantry Section
Royal Engineer Section
Selects 2-pounder Anti-tank Gun Team
Infantry Section
Construct Platoon Command Post
2-pounder Anti-tank Gun Team
Construct Company Command Post
Selects Vehicle Over Repair
Selects Vehicle Over Repair
Unlock M3 Grant Medium Tanks
Foot Guards Section
M3 Grant Medium Tank
Foot Guards Section
M3 Grant Medium Tank
Selects CMP 15cwt Supply Run
Selects Reinforced Resource Caches
Armored Vehicle Training
Royal Engineer Section
Selects Charged Creeping Barrage
Charged Creeping Barrage
Hamik 👍
Köfter_Frostberry
SMAW
『BlackBear』
Moji_1978
Proud Racist
0
0

Comments sign in to comment!

No comments posted yet!